Cogmind - Beta 13 @@@ ROGUE MODE // 2024.04.05 @ 13:59:19 Player: Zish Result: Destroyed by Y-45 Defender with Heavy Assault Rifle Performance ------------- Evolutions (2) 1000 Regions Visited (3) 600 Robots Destroyed (27) 135 Value Destroyed (678) 678 Prototype IDs (2) 40 Alien Tech Used (0) 0 Bonus (8) 8 TOTAL SCORE: 2461 Bonus ------- High Alert Combat Kills 8 Cogmind --------- Core Integrity 0/550 Matter 92/300 Energy 100/100 System Corruption 0% Temperature Cool (0) Movement Core (100) Ox1 Location -8/Materials Parts ------- > --- POWER (2) -------- (None) > --- PROPULSION (4) --- (None) > --- UTILITY (3) ------ (None) > --- WEAPON (2) ------- Improved Grenade Launcher > --- INVENTORY (5) ---- Ion Engine VTOL Module VTOL Module Peak State ------------ > --- POWER ------------ Ion Engine > --- PROPULSION ------- VTOL Module VTOL Module VTOL Module > --- UTILITY ---------- Structural Scanner > --- WEAPON ----------- Shotgun Grenade Launcher > --- INVENTORY -------- Ion Engine Assault Rifle [Rating: 11] Favorites ----------- Power Ion Engine Engine Ion Engine Power Core Light Nuclear Core Propulsion Light Treads Treads Light Treads Hover Unit Improved Hover Unit Flight Unit VTOL Module Utility Small Storage Unit Device Structural Scanner Storage Small Storage Unit Weapon Grenade Launcher Ballistic Gun Assault Rifle Launcher Grenade Launcher Impact Weapon Heavy Hammer Build | -11 -10 -9 -8 ------- Run | Yrd Mat Mat Mat Slots Evolved 4 | . . 2 2 Power 1 | . . . 1 Propulsion 2 | . . 1 1 Utility 1 | . . 1 . Weapon . | . . . . Parts Attached 18 | 6 7 2 3 Power 2 | 1 . . 1 Engine 1 | 1 . . . Core 1 | . . . 1 Reactor . | . . . . Propulsion 6 | 2 2 2 . Treads 2 | 2 . . . Leg . | . . . . Wheel . | . . . . Hover 1 | . . 1 . Flight 3 | . 2 1 . Utility 4 | 1 3 . . Device 3 | . 3 . . Storage 1 | 1 . . . Processor . | . . . . Hackware . | . . . . Protection . | . . . . Artifact . | . . . . Weapon 6 | 2 2 . 2 Energy Gun . | . . . . Energy Cannon . | . . . . Ballistic Gun 3 | 2 1 . . Ballistic Cannon . | . . . . Launcher 2 | . 1 . 1 Special Weapon . | . . . . Impact Weapon 1 | . . . 1 Slashing Weapon . | . . . . Piercing Weapon . | . . . . Special Melee Weapon . | . . . . Unidentified Prototypes . | . . . . Parts Lost 7 | . . 2 5 Power 2 | . . . 2 Propulsion 1 | . . 1 . Utility 1 | . . . 1 Weapon 3 | . . 1 2 Highest Loss Streak 3 | . . 1 3 To Critical Strikes . | . . . . Average Slot Usage (%) 67 | . 90 60 20 Engine 11 | . 14 11 4 Treads 13 | . 22 . . Flight 6 | . 4 21 . Device 7 | . 8 11 5 Storage 6 | . 11 . . Ballistic Gun 11 | . 14 11 6 Launcher 9 | . 13 6 . Naked Turns 1 | . . . 1 Heaviest Build 16 | 14 16 12 11 Greatest Support 40 | 40 40 12 3 Greatest Overweight (x) 3 | . 3 2 3 Average Overweight (x) . | . . . 1 Largest Inventory Capacity 8 | 8 8 5 5 Average Capacity 6 | 6 7 5 5 Most Carried 7 | 2 7 4 5 Average Carried 3 | . 3 2 4 Final Capacity 8 | 8 5 5 5 Final Carried 4 | 1 3 4 3 Class Distribution -------------------- 100% | Mutant Dominant Class ---------------- Mutant | -10/Materials Mutant | -9/Materials Mutant | -8/Materials Resources | -11 -10 -9 -8 ----------- Run | Yrd Mat Mat Mat Matter Collected 575 | 196 234 17 128 Remotely . | . . . . Salvage Created 625 | . 470 17 138 Parts 46 | . 37 3 6 Haulers Intercepted 1 | . 1 . . Recyclers Shooed 2 | . 1 . 1 Parts Field Recycled . | . . . . Retrieved Matter . | . . . . Parts Self-Destructed . | . . . . Prevented . | . . . . Kills | -11 -10 -9 -8 ------- Run | Yrd Mat Mat Mat Combat Hostiles Destroyed 18 | . 14 1 3 Guns 4 | . 3 . 1 AOE 12 | . 11 1 . Classes Destroyed 9 | . 6 1 2 Worker 1 | . . . 1 Builder 2 | . 2 . . Hauler 1 | . 1 . . Recycler 2 | . 2 . . Watcher 3 | . 2 1 . Swarmer 6 | . 6 . . Grunt 8 | . 8 . . Sentry 2 | . . 1 1 Hunter 2 | . . . 2 Best Kill Streak 7 | . 7 1 3 Combat Bots Only 4 | . 4 1 2 Max Kills in Single Turn 3 | . 3 1 1 Gunslinging . | . . . . Exploded 2 | . 2 1 . Melee . | . . . . Uniques/NPCs Destroyed . | . . . . Combat | -11 -10 -9 -8 -------- Run | Yrd Mat Mat Mat Hostile Shots Fired 160 | . 34 47 79 Missed 46 | . 13 18 15 Damage Taken 1390 | . 242 279 869 Core 684 | . 39 92 553 Absorbed by Shields . | . . . . Core Remaining (%) 87 | 100 84 77 . Volleys Fired 42 | . 31 6 5 Largest 2 | . 2 2 1 Hottest 53 | . 53 53 36 Shots Fired 69 | . 52 12 5 Gun 40 | . 31 6 3 Cannon . | . . . . Launcher 29 | . 21 6 2 Special . | . . . . Kinetic 40 | . 31 6 3 Thermal . | . . . . Explosive 29 | . 21 6 2 Electromagnetic . | . . . . Robot Hit Streak 7 | . 7 3 6 Robot Miss Streak 6 | . 6 1 1 Penetration Max . | . . . . Secondary Targets . | . . . . Shots Hit Robots 39 | . 20 4 15 Core Hits 47 | . 34 4 9 Critical Kills . | . . . . Critical Parts Destroyed 2 | . . . 2 Critical Strikes 3 | . . . 3 Smash 3 | . . . 3 Melee Attacks 12 | . . . 12 Impact 12 | . . . 12 Slashing . | . . . . Piercing . | . . . . Sneak Attacks . | . . . . Combat Hostiles . | . . . . Follow-up Attacks . | . . . . Damage Inflicted 2036 | . 1456 148 432 Guns 252 | . 175 35 42 Cannons . | . . . . Explosions 1527 | . 1281 113 133 Melee 257 | . . . 257 Ramming . | . . . . Kinetic 252 | . 175 35 42 Thermal . | . . . . Explosive 1527 | . 1281 113 133 Electromagnetic . | . . . . Impact 257 | . . . 257 Slashing . | . . . . Piercing . | . . . . Highest Corruption 1 | . 1 . . Average Corruption 1 | . 1 . . Corruption Purged . | . . . . Corruption Blocked . | . . . . Effects 3 | . 3 . . Message Errors 1 | . 1 . . Matter Fused 1 | . 1 . . Heat Flow Errors 1 | . 1 . . Overload Shots . | . . . . Overflow Damage 68 | . 25 . 43 Projectiles . | . . . . Explosions 25 | . 25 . . Melee 43 | . . . 43 Knockbacks 2 | . . . 2 Impact 2 | . . . 2 Kinetic . | . . . . Secondary . | . . . . Self-Inflicted Damage 11 | . 11 . . Shots 1 | . 1 . . Rammed . | . . . . Targets Rammed . | . . . . Kicked . | . . . . Crushed . | . . . . Highest Temperature 224 | . 224 5 5 Average Temperature 47 | . 53 3 5 Received Heat Transfer 348 | . 123 54 171 Siege Activations . | . . . . Robots Corrupted . | . . . . Combat Hostiles . | . . . . Parts Fried 2 | . . . 2 Impact Corruptions 3 | . . . 3 Robots Melted . | . . . . Combat Hostiles . | . . . . Parts Melted . | . . . . Heat Transferred . | . . . . Parts Sabotaged . | . . . . Parts Stolen . | . . . . Parts Stripped . | . . . . Power Chain Reactions . | . . . . Alert | -11 -10 -9 -8 ------- Run | Yrd Mat Mat Mat Peak Influence 437 | . 437 275 308 Initial 145 | . . 145 115 Average 209 | . 262 225 179 Maximum Alert Level 2 | . 2 1 1 Low Security (%) 45 | 100 27 45 60 Level 1 47 | . 58 54 39 Level 2 7 | . 13 . . Level 3 . | . . . . Level 4 . | . . . . Level 5 . | . . . . High Security . | . . . . Max Security . | . . . . Squads Dispatched 4 | . 2 . 2 Investigation 1 | . . . 1 Extermination . | . . . . Reinforcement 3 | . 2 . 1 Assault . | . . . . Garrison . | . . . . Intercept . | . . . . Searches Triggered . | . . . . Construction Impeded . | . . . . Haulers Reinforced . | . . . . Active Scanning Responses . | . . . . Cargo Convoy Interrupts . | . . . . Stealth | -11 -10 -9 -8 --------- Run | Yrd Mat Mat Mat Distress Signals . | . . . . Communications Jammed . | . . . . Distress Signals . | . . . . Times Spotted 38 | . 21 7 10 Peak Tracking Total 7 | . 4 6 7 Tactical Retreats 4 | . . 1 3 Traps | -11 -10 -9 -8 ------- Run | Yrd Mat Mat Mat Traps Triggered 2 | . 1 . 1 Indirectly . | . . . . Trap Hack Attempts . | . . . . Triggered . | . . . . Disarmed . | . . . . Reprogrammed . | . . . . Reused . | . . . . Traps Extracted . | . . . . Installed . | . . . . Triggered . | . . . . Machines | -11 -10 -9 -8 ---------- Run | Yrd Mat Mat Mat Machines Disabled 6 | . 4 1 1 Max in Single Turn 1 | . 1 1 1 Machines Repaired . | . . . . Machines Dismantled . | . . . . Machines Sabotaged . | . . . . Overloaded Fab Kills . | . . . . Hacking | -11 -10 -9 -8 --------- Run | Yrd Mat Mat Mat Machines Accessed 4 | . 3 . 1 Terminals 4 | . 3 . 1 Fabricators . | . . . . Repair Stations . | . . . . Recycling Units . | . . . . Scanalyzers . | . . . . Garrison Access . | . . . . Total Hacks 14 | . 9 . 5 Successful 6 | . 5 . 1 Failed 8 | . 4 . 4 Catastrophic . | . . . . Database Lockouts . | . . . . Manual . | . . . . Terminals 14 | . 9 . 5 Fabricators . | . . . . Repair Stations . | . . . . Recycling Units . | . . . . Scanalyzers . | . . . . Garrison Access . | . . . . Terminal Hacks 6 | . 5 . 1 Prototype ID Bank 1 | . 1 . . Terminal Index 1 | . 1 . . Locate Traps 1 | . 1 . . Hauler Manifests 1 | . 1 . . Registered Components 1 | . . . 1 Zone Layout 1 | . 1 . . Fabricator Hacks . | . . . . Repair Station Hacks . | . . . . Recycling Unit Hacks . | . . . . Scanalyzer . | . . . . Garrison Access Hacks . | . . . . Unauthorized Hacks . | . . . . Terminals . | . . . . Fabricators . | . . . . Repair Stations . | . . . . Recycling Units . | . . . . Scanalyzers . | . . . . Garrison Access . | . . . . Data Cores Recovered . | . . . . Used . | . . . . Hacking Detections 3 | . 2 . 1 Full Trace Events 1 | . 1 . . Feedback Events . | . . . . Feedback Blocked . | . . . . Robot Schematics Acquired . | . . . . Robots Built . | . . . . Authchips . | . . . . Time . | . . . . Total Robot Build Rating . | . . . . Part Schematics Acquired . | . . . . Parts Built . | . . . . Authchips . | . . . . Time . | . . . . Total Part Build Rating . | . . . . Parts Repaired . | . . . . Time . | . . . . Parts Recycled . | . . . . Recycled Matter . | . . . . Retrieved Matter . | . . . . Retrieved Components . | . . . . Parts Scanalyzed . | . . . . Part Schematics Acquired . | . . . . Parts Damaged . | . . . . Bothacking | -11 -10 -9 -8 ------------ Run | Yrd Mat Mat Mat Used RIF Installer . | . . . . Robots Hacked . | . . . . Non-combat . | . . . . Combat . | . . . . Robot Hacks Applied . | . . . . Relay Couplers Released . | . . . . Fabnet Peak Effective % . | . . . . Robots Rewired . | . . . . Allies Hacked . | . . . . Hacks Repelled . | . . . . Allies | -11 -10 -9 -8 -------- Run | Yrd Mat Mat Mat Total Allies . | . . . . Largest Group . | . . . . Highest-Rated Group . | . . . . Highest-Rated Ally . | . . . . Total Orders . | . . . . Ally Attacks . | . . . . Total Damage . | . . . . Kills . | . . . . Allies Corrupted . | . . . . Allies Melted . | . . . . Intel | -11 -10 -9 -8 ------- Run | Yrd Mat Mat Mat Robot Analysis Total . | . . . . Derelict Logs Recovered . | . . . . Drone Launches . | . . . . Drone Recoveries . | . . . . Exploration | -11 -10 -9 -8 ------------- Run | Yrd Mat Mat Mat Turns Passed 867 | 95 447 124 201 Spaces Moved 520 | 55 224 95 146 Core 159 | 6 1 6 146 Treads 220 | 49 171 . . Legs . | . . . . Wheels . | . . . . Hover . | . . . . Flight 141 | . 52 89 . Fastest Speed 29 | 50 112 29 50 Average Speed 127 | 148 149 104 101 Slowest Speed 200 | 160 200 150 200 Overloaded Moves . | . . . . Propulsion Burnouts . | . . . . Robots Hopped . | . . . . Cave-ins Triggered . | . . . . Exploration Rate (%) 25 | 4 59 15 22 Regions Visited 3 Branch Regions . Pre-discovered Areas . | . . . . Known Exits Taken . | . . . . Unknown Exits Taken 3 | 1 1 1 . Scrap Searched . | . . . . Spaces Dug . | . . . . Terrain Destroyed 100 | . 68 26 6 Melee . | . . . . Projectile . | . . . . AOE 100 | . 68 26 6 Terrain Rammed . | . . . . Walls Destroyed . | . . . . Machines Disabled . | . . . . Actions | -11 -10 -9 -8 --------- Run | Yrd Mat Mat Mat Total 640 | 69 289 109 173 Wait 10 | . 5 3 2 Move 517 | 54 223 94 146 Hop . | . . . . Pick Up 24 | 8 12 1 3 Fast Attach 1 | . . . 1 Attach 17 | 6 7 2 2 Detach 3 | . 1 2 . Swap . | . . . . Drop 14 | 1 10 1 2 Fire 42 | . 31 6 5 Melee 12 | . . . 12 Ram . | . . . . Kick . | . . . . Crush . | . . . . Escape Stasis . | . . . . Rewire . | . . . . Trap . | . . . . Miscellaneous . | . . . . Route ------- -11/Scrapyard -10/Materials (discovered 4 exits: [*Mat x2] / [*Min x2]) -9/Materials (discovered 2 exits: *Mat / [*Sto]) -8/Materials History --------- Turn | Location | Event 18 | -11/Scrapyard | Discovered new exit (range 15) 96 | -11/Scrapyard | Entered Materials 303 | -10/Materials | Discovered new exit (range 13) 317 | -10/Materials | Build established: Mutant 342 | -10/Materials | Discovered new exit (range 17) 397 | -10/Materials | Discovered new exit (range 12) 520 | -10/Materials | Discovered new exit (range 16) 543 | -10/Materials | Entered another Materials area 543 | -9/Materials | Evolved 2 slots: Propulsion x1, Utility x1 546 | -9/Materials | Discovered new exit (range 16) 647 | -9/Materials | Discovered new exit (range 16) 667 | -9/Materials | Entered another Materials area 667 | -8/Materials | Evolved 2 slots: Power x1, Propulsion x1 838 | -8/Materials | Core integrity fell below 50% 855 | -8/Materials | Core integrity fell below 20% 868 | -8/Materials | Destroyed by Y-45 Defender with Heavy Assault Rifle Last Messages --------------- 00850_ Critical hit (Burn: +37). 00852_ K-01 Serf collects debris. 00852_ H-55 Commando knocked back. 00854_ K-01 Serf collects debris. 00854_ Penetrated by Slug. 00858_ H-55 Commando suffers critical hit (Smash). 00858_ Destroyed Assault Rifle. 00858_ H-55 Commando system corrupted by crushing effect. 00859_ H-55 Commando system terminally corrupted. 00859_ Targeting Computer fried. 00861_ Acquired 43 matter. 00861_ K-01 Serf collects debris. 00862_ Hvy. Hammer destroyed. 00865_ Recycling Unit disabled. 00865_ Arm. Treads tumbles out of recycling unit. 00865_ K-01 Serf destroyed. Map ----- +----------------------------------------------------+ | ???????????????# ?# #????????????????????? | | ???????????????# ?# #????????????????????? | | ???????????????# # #######/### ?????????? | | ???????????????# # ????????? | | ???????????????# + ????????? | | ???????????????# # ????????? | | ???????????????# # ############?????????? | | ???????????????# ?# #????????????????????? | | ???????????????# ?# #????????????????????? | | ???????????????########?# #????????????????????? | | ????????????????????"T"?# #????????????????????? | | ???????????????????? ?# #????????????????????? | | ???????????????????? ?# #????????????????????? | | ???????????????????? ?# #????????????????????? | | ???????????????????? ?# #####????????????????? | | ???????????????????? ?# ]]#????????????????? | | ??????????###########/### ]]#????????????????? | | ??????????# !!#????????????????? | | ??????????+ !!#????????????????? | | ??????????# ==#????????????????? | | ??????????#+##+######+####### ==#????????????????? | | ??????????# # r #####????????????????? | | ??????????# "" ##????????????????????? | | ??????????# """ """ =" #?????????????????????? | | ??????????# """ """ #?????????????????????? | | ??????????# """ """ Y* @=#?????????????????????? | | ??????????# % !*#?????????????????????? | | ??????????# k = #?????????????????????? | | ??????????# [ = [#?????????????????????? | | ??????????######### # #?????????????????????? | | ??????????????????#?# """ #?????????????????????? | | ????????????????????# """ #?????????????????????? | | ????????????????????# """ #?????????????????????? | | ????????????????????# #?????????????????????? | | ????????????????????########?????????????????????? | | ?????????????????????????????????????????????????? | | ?????????????????????????????????????????????????? | | ?????????????????????????????????????????????????? | | ?????????????????????????????????????????????????? | | ?????????????????????????????????????????????????? | | ?????????????????????????????????????????????????? | | ?????????????????????????????????????????????????? | | ?????????????????????????????????????????????????? | | ?????????????????????????????????????????????????? | | ?????????????????????????????????????????????????? | | ?????????????????????????????????????????????????? | | ?????????????????????????????????????????????????? | | ?????????????????????????????????????????????????? | | ?????????????????????????????????????????????????? | | ?????????????????????????????????????????????????? | +----------------------------------------------------+ Best States ------------- Heat Dissipation 35 Energy Generation 14 Energy Capacity 250 Matter Stores 236 Matter Capacity 300 Sight Range 16 Terrain Scan Density 10 Evasion (%) 64 Recoil Reduction 2 Item Schematics ----------------- None Robot Schematics ------------------ None Fabricated ------------ Nothing Alien Tech Used ----------------- None Achievements -------------- None Challenges ------------ None Game ------ Seed AdvancedMiningCarapace Manual? 0 Play Time 00:14:47 Cumulative 11.1 hours Start 2024.04.05 @ 13:44:36 End 2024.04.05 @ 13:59:19 Sessions 1 Manual Loads 0 Difficulty Rogue Special Mode None Game No. 25 Rogue 25 Adventurer 0 Explorer 0 Win Type - Total 0 Types 0/0/0/0/0/0/0/0/0 Lore% 6 Gallery% 21 Achievement% 19 Wizard Run 0 Options --------- Layout 1 ASCII 0 Keyboard 0 Movement Mouse Keybinds 0 Fullscreen 1 Font 24/Smallcaps Map View 50x35 Zoom Use 0% Tactical HUD 1 Map Filters NONE Filters NONE Steam 1 RUN: 2f685f44-6d52-46d9-809d-e6fdc075eea0